 Dungeon Crawl Stone Soup version 0.23.0-3-gf3c87f2 (webtiles) character file.

Game seed: 14222998035428205370

25 Kairos the Sneak (level 3, -2/16 HPs)
             Began as a Vine Stalker Enchanter on Feb 21, 2019.
             Slain by a worm (6 damage)
             ... on level 2 of the Dungeon.
             The game lasted 00:03:29 (1264 turns).

Kairos the Sneak (Vine Stalker Enchanter)           Turns: 1264, Time: 00:03:30

Health: -2/16      AC:  5    Str: 11    XL:     3   Next: 4%
Magic:  0/7        EV: 11    Int: 15    God:
Gold:   44         SH:  0    Dex: 14    Spells: 5/6 levels left

rFire    x . .     SeeInvis .   g - +0 hand axe
rCold    + . .     Gourm    .   (no shield)
rNeg     . . .     Faith    .   m - +0 ring mail
rPois    .         Spirit   +   (no helmet)
rElec    .         Reflect  .   (no cloak)
rCorr    .         Harm     .   (no gloves)
MR       .....                  (no boots)
Stlth    ++........             (no amulet)
HPRegen  0.05/turn              e - ring of ice
MPRegen  0.10/turn              (no ring)

@: no status effects
A: fangs 2, magic shield, antimagic bite, no potion heal 3, rot immunity
a: no special abilities


You were on level 2 of the Dungeon.
You were very hungry.

You visited 1 branch of the dungeon, and saw 2 of its levels.

You collected 44 gold pieces.

Inventory:

Hand Weapons
 a - a +1 dagger
 g - a +0 hand axe (weapon)
Missiles
 f - 26 sling bullets
Armour
 b - a +0 robe
 m - a +0 ring mail (worn)
Jewellery
 e - a ring of ice (left hand)
Scrolls
 c - a scroll of identify {unknown}
 h - 2 scrolls of teleportation {unknown}
 i - 2 scrolls of remove curse {unknown}
 k - a scroll of random uselessness {unknown}
 l - a scroll of magic mapping {unknown}
 n - a scroll of enchant armour {unknown}
Potions
 j - 2 potions of curing {unknown}
Comestibles
 d - 3 rations


   Skills:
 + Level 0.1 Fighting
 + Level 1.0 Short Blades
 + Level 1.9 Dodging
 + Level 4.3 Stealth
 + Level 2.2 Spellcasting
 + Level 3.3 Hexes


You had 5 spell levels left.
You knew the following spells:

 Your Spells              Type           Power        Failure   Level  Hunger
a - Corona                Hex            ##.....      14%         1    #......

Your spell library contained the following spells:

 Spells                   Type           Power        Failure   Level  Hunger
 Ensorcelled Hibernation  Hex/Ice        #.....       38%         2    ###....
 Confuse                  Hex            ##......     38%         3    ###....
 Tukima's Dance           Hex            ##......     38%         3    ###....
 Dazzling Spray           Conj/Hex       #.....       63%         3    ###....


Dungeon Overview and Level Annotations

Branches:
Dungeon (2/15)

Altars:


Innate Abilities, Weirdness & Mutations

You have extremely sharp teeth.
When hurt, damage is shared between your health and your magic reserves.
Your bite disrupts and absorbs the magic of your enemies.
Potions cannot restore your health.
You are immune to rotting.


Message History

You hit the worm.
The worm is heavily wounded.
The worm bites you but does no damage.
You hit the worm.
The worm is heavily wounded.
The worm bites you but does no damage.
You hit the worm but do no damage. You bite the worm, but do no damage.
The worm is heavily wounded.
You barely miss the worm.
The worm is heavily wounded.
The worm bites you!
* * * LOW HITPOINT WARNING * * *
You are too injured to fight recklessly!
Casting: Corona (safe; 14% risk of failure)
Confirm with . or Enter, or press ? or * to list all spells.
Aiming: Corona (safe; 14% risk of failure)
Press: ? - help, Shift-Dir - straight line, f/p - worm
Aim: a worm (moderately wounded, chance to defeat MR: 55%)
The worm struggles to resist.
The worm bites you!
You die...

...# ...# ##### ...
#<..# ..### ####.#
#>.. +....######.#
#####.#
####........###.......
#.#####....@w......
#.# #....#...#.....
#.# #.#..#<### ..# #.#
#.####.# . #.. . ..#
..... #### ##.. ...


You could see a worm.

Vanquished Creatures
  2 leopard geckos (D:1)
  3 bats (D:1)
  2 giant cockroaches (D:1)
  2 goblins (D:1)
  3 hobgoblins (D:1)
  2 jackals (D:1)
  A kobold (D:1)
  A ball python (D:1)
  2 frilled lizards (D:1)
  3 rats (D:1)
21 creatures vanquished.

Notes
Turn   | Place    | Note
-------+----------+-------------------------------------------
     0 | D:1      | Kairos the Vine Stalker Enchanter began the quest for the
                  | Orb.
     0 | D:1      | Reached XP level 1. HP: 9/9 MP: 4/4
   210 | D:1      | Reached XP level 2. HP: 7/13 MP: 6/6
   356 | D:1      | Reached skill level 4 in Stealth
  1102 | D:1      | Reached XP level 3. HP: 15/16 MP: 7/7
  1204 | D:1      | Reached skill level 1 in Short Blades
  1264 | D:2      | Slain by a worm

Skill      XL: |  1  2  3 |
---------------+----------+-----
Stealth        | 4 |  4.3
Short Blades   | 1 |  1.0
Fighting       | |  0.1
Dodging        | |  1.9
Spellcasting   | |  2.2
Hexes          | |  3.3

Action                   || total
-------------------------++-------
Melee: Dagger            ||    39
       Bite              ||    15
       Hand axe          ||    46
 Cast: Corona            ||     3
 Stab: Sleeping          ||     3
Armor: Robe              ||    29
       Ring mail         ||    10
Dodge: Dodged            ||    55
